 Dungeon Crawl Stone Soup version 0.21.1-1-g345015fe64 (webtiles) character file.

580 RepoMan the Insei (level 7, 47/56 HPs)
             Began as a Green Draconian Transmuter on July 6, 2018.
             Got out of the dungeon alive.
             The game lasted 00:16:36 (4501 turns).

RepoMan the Insei (Green Draconian Transmuter)      Turns: 4501, Time: 00:16:37

Health: 47/56      AC: 10    Str: 13    XL:     7   Next: 13%
Magic:  12/12      EV: 12    Int: 13    God:
Gold:   151        SH:  0    Dex: 13    Spells: 6/12 levels left

rFire    . . .     SeeInvis .     - Unarmed
rCold    . . .     Gourm    .   (no shield)
rNeg     . . .     Faith    .   (armour unavailable)
rPois    +         Spirit   .   (helmet restricted)
rElec    .         Reflect  .   f - +2 cloak
rCorr    .         Harm     .   (no gloves)
MR       .....                  q - +0 pair of boots
Stlth    +.........             (no amulet)
HPRegen  0.18/turn              (no ring)
MPRegen  0.13/turn              (no ring)

@: no status effects
A: breathe noxious fumes, unfitting armour, poison resistance, cold-blooded, AC
+6
a: Breathe Noxious Fumes


You escaped.
You were not hungry.

You visited 1 branch of the dungeon, and saw 4 of its levels.

You collected 151 gold pieces.

Inventory:

Hand Weapons
 t - a +0 club
Missiles
 a - 33 arrows
 p - 7 javelins of returning (quivered)
Armour
 f - a +2 cloak (worn)
 q - a +0 pair of boots (worn)
Jewellery
 l - the ring of Qenteoffo {rC- rN+ MR++ Int+5}
   (You took it off a kobold on level 1 of the Dungeon)

   [ring of positive energy]

   It affects your intelligence (+5).
   It makes you vulnerable to cold.
   It protects you from negative energy.
   It affects your resistance to hostile enchantments.
Scrolls
 d - 2 scrolls of enchant weapon {unknown}
 g - a scroll of random uselessness {unknown}
 h - 3 scrolls of teleportation {unknown}
 i - 2 scrolls of identify
 j - a scroll of remove curse {unknown}
 o - a scroll of fear {unknown}
 u - a scroll of immolation {unknown}
Potions
 e - a potion of agility
 k - a potion of heal wounds
 m - 2 potions of magic
 n - a potion of haste
 r - 3 potions of curing
 s - a potion of resistance
Books
 b - a book of Changes

   Spells                             Type                      Level
   a - Beastly Appendage              Transmutation                1
   b - Sticks to Snakes               Transmutation                2
   c - Spider Form                    Transmutation/Poison         3
   d - Ice Form                       Ice/Transmutation            4
   e - Blade Hands                    Transmutation                5
Comestibles
 c - 6 rations
 v - 5 chunks of flesh


   Skills:
 - Level 2.6 Fighting
 - Level 1.7 Dodging
 * Level 5.4 Unarmed Combat
 + Level 3.4 Spellcasting
 * Level 5.0 Transmutations


You had 6 spell levels left.
You knew the following spells:

 Your Spells              Type           Power        Failure   Level  Hunger
a - Beastly Appendage     Tmut           ###...       2%          1    #......
b - Sticks to Snakes      Tmut           ###.....     4%          2    ##.....
c - Spider Form           Tmut/Pois      #.........   24%         3    ###....


Dungeon Overview and Level Annotations

Branches:
Dungeon (4/15)
 Temple: D:4-7

Altars:
Elyvilon
Fedhas
Makhleb


Innate Abilities, Weirdness & Mutations

You can breathe blasts of noxious fumes.
Your lurid green scales are hard. (AC +6)
You cannot fit into any form of body armour.
Your system is resistant to poisons. (rPois)
You are cold-blooded and may be slowed by cold attacks.


Message History

What level of the Dungeon? (default 1, ? - help)
There is a stone staircase leading up here.
You climb upwards.
Your magical contamination has completely faded away.
There is a stone staircase leading down here.
Magic restored.
There is a stone staircase leading up here.
You climb upwards.
There is a stone staircase leading down here.
There is an open door here.
There is a stone staircase leading up here.
You climb upwards.
There is a stone staircase leading down here.
There is an open door here.
You see here 8 stones.
You see here 2 stones.
You see here 2 stones.
There is a staircase leading out of the dungeon here.
Are you sure you want to leave the Dungeon?
This will make you lose the game!
You have escaped!

#....####............#..)#
#....##........).#####...######
#######.###..#(#...............
#.# ####(#####.##########
#.###..#(#..##.##
#.##.#.#.#.#.#..#
#.##..#..)#..##.#
#.####.....####.#
#.'.....@.....'.#
######.....####.#
#..#...#..#..# #.#.#.#.#.#.##
##..#.#..##.# ####.####..#
#'#.(..## #...#### #####


There were no monsters in sight!

Vanquished Creatures
  An ogre (D:4)
  Blork the orc (D:4)
  A hound (D:3)
  Crazy Yiuf (D:3)
  A centaur skeleton (D:3)
  Jessica (D:3)
  4 orc wizards
  2 worker ants (D:4)
  5 gnolls
  An adder (D:3)
  An ooze (D:1)
  2 worms
  4 dart slugs
  5 leopard geckos
  7 orcs
  3 giant cockroaches
  8 goblins
  8 hobgoblins
  6 bats
  2 frilled lizards (D:1)
  14 kobolds
  3 rats
81 creatures vanquished.

Vanquished Creatures (collateral kills)
  A gnoll (D:1)
  A goblin (D:1)
  A frilled lizard (D:1)
  A rat (D:1)
4 creatures vanquished.

Grand Total: 85 creatures vanquished

Notes
Turn   | Place    | Note
-------+----------+-------------------------------------------
     0 | D:1      | RepoMan the Draconian Transmuter began the quest for the Orb.
     0 | D:1      | Reached XP level 1. HP: 16/16 MP: 3/3
    93 | D:1      | Reached XP level 2. HP: 13/23 MP: 1/5
   257 | D:1      | Learned a level 2 spell: Sticks to Snakes
   626 | D:1      | Reached XP level 3. HP: 17/28 MP: 0/6
   758 | D:1      | Learned a level 3 spell: Spider Form
  1108 | D:1      | Got a brightly glowing lapis lazuli ring
  1466 | D:2      | Found a blossoming altar of Fedhas.
  1470 | D:2      | Found a burning altar of Makhleb.
  1478 | D:2      | Found a white marble altar of Elyvilon.
  1504 | D:2      | Reached XP level 4. HP: 34/36 MP: 5/7
  2171 | D:2      | Identified the ring of Qenteoffo {rC- rN+ MR++ Int+5} (You took it off a kobold on level 1 of the Dungeon)
  2178 | D:3      | Noticed Jessica
  2231 | D:3      | Killed Jessica
  2560 | D:3      | Reached XP level 5. HP: 21/42 MP: 8/8
  3644 | D:3      | Found a runed door.
  3648 | D:3      | Noticed Crazy Yiuf
  3653 | D:3      | Killed Crazy Yiuf
  3715 | D:4      | Reached XP level 6. HP: 46/50 MP: 7/10
  3800 | D:4      | Found a burning altar of Makhleb.
  4142 | D:4      | Reached skill level 5 in Unarmed Combat
  4309 | D:4      | Noticed Blork the orc
  4321 | D:4      | Killed Blork the orc
  4421 | D:4      | Reached skill level 5 in Transmutations
  4421 | D:4      | Your scales start taking on a lurid green colour.
  4421 | D:4      | Reached XP level 7. HP: 33/56 MP: 6/12
  4421 | D:4      | Gained mutation: Your system is resistant to poisons. (rPois) [Green Draconian growth]
  4501 | D:$      | Got out of the dungeon alive.

Skill      XL: |  1  2  3  4  5  6 |
---------------+-------------------+-----
Transmutations | 3 4 5 |  5.0
Fighting       | 2 |  2.6
Unarmed Combat | 4 5 |  5.4
Spellcasting   | 3 |  3.4
Dodging        | |  1.7

Action                   |  1- 3 |  4- 6 |  7- 9 || total
-------------------------+-------+-------+-------++-------
Melee: Unarmed           |   105 |   190 |       ||   295
       Tailslap          |    19 |     8 |       ||    27
       Kick              |    10 |       |       ||    10
       Punch             |     1 |     2 |       ||     3
       Headbutt          |     8 |    21 |       ||    29
 Cast: Beastly Appendage |    20 |    19 |       ||    39
       Sticks to Snakes  |     2 |       |       ||     2
       Spider Form       |       |    10 |       ||    10
  Use: Scroll            |       |     6 |       ||     6
 Stab: Sleeping          |       |     2 |       ||     2
  Eat: Chunk             |     2 |     7 |       ||     9
       Ration            |       |     2 |       ||     2
Armor: Skin              |    15 |    27 |       ||    42
Dodge: Dodged            |    55 |   134 |       ||   189
